 Dungeon Crawl Stone Soup version 0.18-a0-1774-gce1f7b6 (webtiles) character file.

1197 M4edhros the Vandal (level 8, -1/58 HPs)
             Began as a Mummy Chaos Knight on Apr 15, 2016.
             Slain by an ogre
             ... wielding a +0 giant club
             ... summoned by Xom
              (17 damage)
             ... on level 6 of the Dungeon.
             The game lasted 00:07:01 (5388 turns).

M4edhros the Vandal (Mummy Chaos Knight)            Turns: 5388, Time: 00:07:02

Health: -1/58      AC:  9    Str: 15    XL:     8   Next: 20%
Magic:  8/8        EV:  8    Int: 11    God:    Xom [......]
Gold:   255        SH:  0    Dex: 14    Spells: 0 memorised, 7 levels left

rFire  x . .     SeeInvis .     d - +2 spear (pierce)
rCold  + . .     Gourm    +     x - +3 leather armour {MR+}
rNeg   + + +     Faith    .     (no shield)
rPois  ∞         Spirit   .     (no helmet)
rElec  .         Dismiss  .     j - +2 cloak
rCorr  .         Reflect  .     (no gloves)
SustAt .         Harm     .     (no boots)
MR     ++...                    b - amulet of the gourmand
Stlth  +.........               (no ring)
                                (no ring)

@: about to teleport, very slightly contaminated, hasted, constricted, very
quick, very resistant to hostile enchantments, very unstealthy
A: no food or potions, fire vulnerability, cold resistance 1, negative energy
resistance 3, torment resistance, unbreathing
a: Renounce Religion


You were on level 6 of the Dungeon.
You worshipped Xom.
You were a very special plaything of Xom.
You were not hungry.

You visited 1 branch of the dungeon, and saw 6 of its levels.

You collected 255 gold pieces.

Inventory:

Hand Weapons
 a - a +0 spear of chaos
 d - a +2 spear of piercing (weapon)
 f - a +0 hunting sling of flaming
 r - a +3 quarterstaff of chaos
 s - a +0 blowgun
Missiles
 c - 183 stones (quivered)
 t - 21 poisoned needles
Armour
 j - a +2 cloak (worn)
 x - a +3 leather armour of magic resistance (worn)
Jewellery
 b - an amulet of the gourmand (around neck)
 g - a cursed amulet of inaccuracy {unknown}
Wands
 m - a wand of flame (23/48)
 n - a wand of lightning (7/15)
 v - a wand of confusion (26/48)
Scrolls
 e - 2 scrolls of recharging
 h - 3 scrolls of noise
 i - a scroll of magic mapping
 k - a scroll of enchant armour
 l - 2 scrolls of amnesia {unknown}
 o - a scroll of remove curse
 p - 2 scrolls of teleportation
 u - a scroll of fog
 w - 2 scrolls of identify
Books
 q - a book of Hinderance

   Spells                             Type                      Level
   a - Confusing Touch                Hexes                        2
   b - Confuse                        Hexes                        3
   c - Gell's Gravitas                Hexes/Translocation          3
   d - Petrify                        Transmutation/Earth          4
   e - Metabolic Englaciation         Hexes/Ice                    5
   f - Yara's Violent Unravelling     Hexes/Transmutation          5


   Skills:
 - Level 3.0 Fighting
 + Level 5.5 Polearms
 * Level 6.3 Slings
 - Level 1.5 Armour
 - Level 0.7 Dodging


You had 7 spell levels left.
You didn't know any spells.

Dungeon Overview and Level Annotations

Branches:
Dungeon (6/15)
 Temple: D:4-7

Altars:
Sif Muna
Yredelemnul

Annotations:
D:6 Edmund


Innate Abilities, Weirdness & Mutations

You do not eat or drink.
Your flesh is vulnerable to fire.
You are immune to poison.
Your flesh is cold resistant.
You are immune to negative energy.
You are immune to unholy pain and torment.
You can survive without breathing.


Message History

You are engulfed in seething chaos.
Your skin tingles.
The ball python bites you but does no damage.
The ball python constricts you. The hound bites you but does no damage.
The giant frog hits you but does no damage.
The ogre hits you with a giant club.
* * * LOW HITPOINT WARNING * * *
The phantom hits you but does no damage.
The ball python bites you but does no damage.
The ball python constricts you.
Read which item? (? for menu, Esc to quit)
As you read the scroll labeled YDAGUI ZYIHUSOQO, it crumbles to dust.
You feel strangely unstable.
It was a scroll of teleportation.
You are engulfed in seething chaos.
You feel yourself speed up.
You are very lightly contaminated with residual magic.
The hound is engulfed in seething chaos.
The hound suddenly stops moving!
The giant frog hits you but does no damage.
The ogre is engulfed in seething chaos.
The ogre hits you with a giant club!
You die... "It was about time."

#.####...#####.........?.###
#.# #....##.............# #
#.# ####.##.##........... .
#.### ###..#.............. #
####...#
#.......##........#. .
#.####.###.##.#.####......
#..###.....##...##.)......
##.......####F##...# .....
#...###..##OS@h.###......
#.#...##.#..WO##.........
#.#....#.#...###.########
#.##.......#...#.#
#.####.........<.#
#....†.#..#.##.###
####..#######.##>#
#.........###..#.####
#.........##........#


You could see a phantom, 2 ogres, a giant frog, a hound (paralysed) and a ball
python.

Vanquished Creatures
  Eustachio (D:6)
  A phantom (D:4)
  A centaur (D:4)
  A giant frog (D:6)
  A big kobold (D:4)
  2 scorpions (D:4)
  5 hounds
  2 iguanas (D:4)
  Crazy Yiuf (D:4)
  3 orc wizards
  Natasha (thrice) (D:2)
  2 worker ants
  A hound zombie (D:6)
  11 adders
  A shadow imp (D:5)
  An ooze (D:3)
  3 worms
  5 giant geckos
  9 orcs
  A ball python (D:3)
  10 bats
  5 giant cockroaches
  2 gnoll zombies (D:5)
  4 goblins
  9 hobgoblins
  14 jackals
  A giant gecko skeleton (D:5)
  4 giant newts
  24 kobolds
  A quokka skeleton (D:4)
  6 rats
  2 fungi (D:4)
137 creatures vanquished.

Vanquished Creatures (others)
  A plant (D:4)
1 creature vanquished.

Grand Total: 138 creatures vanquished

Notes
Turn   | Place    | Note
--------------------------------------------------------------
     0 | D:1      | M4edhros the Mummy Chaos Knight began the quest for the Orb.
     0 | D:1      | Reached XP level 1. HP: 18/18 MP: 1/1
   176 | D:1      | XOM: divination: detect items
   180 | D:1      | Reached XP level 2. HP: 20/24 MP: 2/2
   239 | D:1      | XOM: harmless Erth miscast
   558 | D:2      | Noticed Natasha
   560 | D:2      | Killed Natasha
   560 | D:2      | Reached skill level 1 in Slings
   560 | D:2      | Reached XP level 3. HP: 29/29 MP: 3/3
   737 | D:2      | Noticed Natasha
   747 | D:2      | Killed Natasha
   747 | D:2      | Reached skill level 2 in Slings
   747 | D:2      | Reached XP level 4. HP: 34/35 MP: 4/4
   829 | D:2      | XOM: divination: detect creatures
  1177 | D:2      | XOM is BORED!
  1177 | D:2      | XOM: silly message
  1189 | D:2      | Noticed Natasha
  1195 | D:2      | XOM: potion effect (brilliance)
  1197 | D:2      | Killed Natasha
  1261 | D:2      | You fall through a shaft!
  1347 | D:3      | XOM: colour smoke trail
  1374 | D:3      | Reached XP level 5. HP: 20/41 MP: 5/5
  1434 | D:3      | XOM: silly message
  1636 | D:3      | Reached skill level 3 in Slings
  1759 | D:4      | XOM: potion effect (heal wounds)
  1770 | D:4      | XOM: potion effect (invisibility)
  1782 | D:4      | XOM: potion effect (invisibility)
  1791 | D:4      | Reached XP level 6. HP: 18/47 MP: 6/6
  2543 | D:4      | XOM: mild Summ miscast
  2544 | D:4      | Noticed a spatial vortex
  2739 | D:4      | XOM: divination: detect creatures
  2766 | D:4      | Reached skill level 4 in Slings
  3225 | D:4      | Noticed Crazy Yiuf
  3234 | D:4      | Killed Crazy Yiuf
  3304 | D:4      | Reached XP level 7. HP: 35/52 MP: 7/7
  3427 | D:4      | XOM: polymorph worker ant -> iguana
  3522 | D:4      | Reached skill level 5 in Slings
  3548 | D:4      | Reached skill level 5 in Polearms
  3728 | D:5      | Entered Level 5 of the Dungeon
  3744 | D:5      | Found a deep blue altar of Sif Muna.
  3965 | D:5      | XOM: mild Chrm miscast
  4233 | D:5      | Found a basalt altar of Yredelemnul.
  4386 | D:5      | XOM: 2-stop teleportation journey
  4699 | D:6      | Noticed Eustachio
  4715 | D:6      | Noticed Edmund
  4719 | D:6      | XOM: enchant monster (good)
  4766 | D:6      | Killed Eustachio
  4766 | D:6      | Reached skill level 6 in Slings
  4766 | D:6      | Reached XP level 8. HP: 33/58 MP: 8/8
  4912 | D:6      | Noticed Sigmund
  4921 | D:6      | Noticed Sigmund
  4921 | D:6      | Sigmund changed into Sigmund the adder
  4921 | D:6      | XOM: polymorph Sigmund -> Sigmund the adder
  4923 | D:6      | XOM: confuse monster(s)
  5038 | D:6      | XOM: potion effect (agility)
  5045 | D:6      | XOM: medium Fire miscast
  5317 | D:6      | XOM: enchant monster (good)
  5361 | D:6      | Killed Sigmund the adder
  5384 | D:6      | XOM: summons 5 hostile shadow creatures
  5385 | D:6      | XOM: chaos cloud
  5388 | D:6      | Slain by an ogre

Vault maps used:
D:1:      evilmike_arrival_run_for_it
D:2:      minmay_misc_feat_rows, uniq_natasha
D:3:      first_bread, uniq_terence
D:4:      kennysheep_kobold_camp, uniq_crazy_yiuf_cottage
D:5:      lemuel_zombie_altar_yredelemnul, marbit_many_paths
D:6:      uniq_eustachio, uniq_sigmund, uniq_edmund

Skill      XL: |  1  2  3  4  5  6  7 |
---------------+----------------------+-----
Polearms       | 3 4 5 |  5.5
Slings         | 1 2 3 4 6 |  6.3
Fighting       | |  3.0
Armour         | |  1.5
Dodging        | |  0.7

Action                   |  1- 3 |  4- 6 |  7- 9 || total
-------------------------+-------+-------+-------++-------
Melee: Spear             |    33 |   111 |   249 ||   393
 Fire: Hunting sling     |    38 |   179 |       ||   217
  Use: Scroll            |     1 |     5 |     4 ||    10
Armor: Leather armour    |    13 |    56 |    87 ||   156
Dodge: Dodged            |    35 |   115 |   124 ||   274
